Map: Orbital Shipyard

Players

DeMusliM

  • Race: Terran Terran
  • League: Grandmaster

Shura (Scarlett) - Winner!

  • Race: Zerg Zerg

Event: Homestory Cup XII

VOD

https://youtu.be/8R2UJP97x40

Description

Time

  • Played on: Dec. 17, 2015, 2:29 p.m.
  • Length: 14:12

All games in this series

Show
View Real Time Build Order
Export as new Build Order

DeMusliM Terran 

Build Orders: Reaper Expand, MMM Bio 

Get SALT Encoding   

  12  0:00  SCV  
  13  0:12  SCV  
  14  0:17  Supply Depot  
  14  0:25  SCV  
  15  0:39  SCV  
  15  0:40  Barracks  
  16  0:43  Refinery  
  16  0:51  SCV  
  17  1:03  SCV  
  18  1:15  SCV  
  19  1:27  Orbital Command  
  19  1:28  Reaper  
  20  1:39  Command Center  
  20  1:52  Supply Depot  
  20  1:53  SCV  
  21  1:56  Refinery  
  21  2:00  Marine  
  22  2:05  SCV  
  23  2:11  Factory  
  23  2:17  SCV  
  23  2:22  Barracks Reactor  
  24  2:29  SCV  
  25  2:41  SCV  
  26  2:52  Orbital Command  
  26  2:53  SCV  
  26  2:56  Starport  
  27  3:05  SCV  
  28  3:07  Hellion x2  
  28  3:09  Barracks Tech Lab  
  32  3:17  SCV  
  32  3:18  SCV  
  34  3:29  SCV  
  34  3:30  SCV  
  36  3:37  Marine x2  
  36  3:39  Siege Tank  
  41  3:41  Supply Depot  
  41  3:42  Medivac  
  41  3:46  SCV x2  
  44  3:55  Marine x2  
  46  4:03  SCV x2  
  46  4:07  Command Center  
  48  4:13  Marine x2, Siege Tank, Liberator  
  48  4:15  SCV  
  54  4:27  Supply Depot  
  54  4:30  SCV x2  
  59  4:32  Refinery x2  
  59  4:42  SCV x2  
  61  4:54  SCV x2  
  61  4:55  Engineering Bay x2, Factory Reactor  
  63  5:06  SCV x2, Stimpack  
  65  5:10  Barracks  
  65  5:11  Barracks  
  65  5:18  SCV x2  
  65  5:20  Orbital Command  
  65  5:21  Supply Depot  
  67  5:26  Supply Depot  
  67  5:28  Supply Depot  
  67  5:30  SCV x2  
  67  5:33  Terran Infantry Weapons Level 1  
  69  5:37  Orbital Command  
  69  5:40  Factory Reactor  
  69  5:42  SCV x2  
  69  5:44  Starport Reactor, Marauder  
  73  5:55  SCV x2  
  75  5:59  Supply Depot  
  75  6:01  Marine x2  
  75  6:02  Barracks x2  
  77  6:05  Barracks  
  77  6:07  Terran Infantry Armor Level 1  
  77  6:11  Armory  
  77  6:14  SCV x2  
  77  6:16  SCV, Bunker  
  80  6:23  Marine  
  80  6:24  Marine x3  
  80  6:25  Marauder  
  86  6:26  SCV x2  
  86  6:28  SCV  
  86  6:32  Supply Depot  
  89  6:35  Refinery  
  89  6:38  SCV x2  
  89  6:39  Medivac  
  93  6:40  SCV, Medivac  
  93  6:41  Marine  
  93  6:43  Marine  
  93  6:46  Marauder  
  100  6:47  Marine x2  
  100  6:49  Widow Mine x2  
  100  6:53  SCV x2  
  108  6:55  SCV  
  108  6:59  Barracks Tech Lab  
  108  7:00  Barracks Reactor x2  
  108  7:01  Marine  
  108  7:07  Combat Shields, Marauder  
  111  7:11  Marine x2  
  111  7:13  Marine  
  111  7:14  Medivac x2  
  111  7:19  Marine  
  111  7:22  Command Center, Supply Depot, Terran Vehicle And Ship Armor Level 1  
  110  7:23  Marine  
  110  7:29  Marine x2, Marauder  
  114  7:30  Terran Infantry Weapons Level 2, Marine  
  114  7:36  Widow Mine  
  114  7:37  Marine, Widow Mine  
  114  7:41  Marine  
  120  7:44  Medivac  
  120  7:45  Barracks  
  120  7:46  Medivac  
  120  7:47  Barracks, Marine  
  120  7:48  Marine x2  
  120  7:50  Marauder  
  129  7:53  Marine  
  129  7:54  Marine x2  
  129  7:56  Concussive Shells  
  132  7:59  Marine  
  132  8:05  Liberator x2  
  133  8:07  Missile Turret  
  133  8:08  Missile Turret  
  133  8:09  Missile Turret  
  133  8:14  Marine x2  
  133  8:22  Supply Depot  
  133  8:23  Marauder  
  141  8:33  Marine x6  
  141  8:34  Supply Depot x2, Marauder, Marine x2  
  151  8:35  Supply Depot  
  151  8:36  Supply Depot  
  151  8:38  Barracks Reactor  
  151  8:39  Barracks Tech Lab, Terran Infantry Armor Level 2  
  150  8:42  Widow Mine x2  
  150  8:44  Marauder  
  150  8:46  Supply Depot  
  150  8:48  Liberator  
  154  8:49  Liberator  
  154  8:51  Marine x2  
  154  8:52  Refinery  
  154  8:55  SCV x2, Marine  
  160  8:56  Supply Depot, Marauder  
  160  9:02  Marine x2  
  162  9:04  Marine x3  
  168  9:11  Marauder, Marine x2  
  172  9:17  Missile Turret  
  172  9:18  Marauder  
  172  9:23  Marine x3  
  172  9:24  Marauder, Marine  
  180  9:25  Widow Mine  
  182  9:34  Marauder, Marine x2  
  184  9:38  Marine  
  184  9:39  Marine x3  
  184  9:40  Marauder  
  184  9:41  Marine  
  184  9:42  Marine  
  184  9:43  Widow Mine  
  184  9:45  Marauder  
  196  9:53  Terran Infantry Weapons Level 3  
  196  9:55  Marine  
  195  10:02  Marauder  
  195  10:04  Marauder, Marine x2  
  158  10:12  Medivac x2  
  158  10:13  Marauder, Widow Mine x2, Marine  
  114  10:21  Marine  
  114  10:23  Marauder  
  114  10:24  Marine x2  
  114  10:25  Marine  
  114  10:26  Marine, Marauder  
  119  10:32  Command Center, Marine  
  119  10:34  Marine  
  119  10:35  Marauder  
  122  10:39  Marine  
  122  10:40  Marine x2  
  122  10:44  Widow Mine x2  
  122  10:45  Marauder  
  122  10:47  Marauder  
  130  10:56  Marine x2, Marauder  
  130  10:57  Marine x2  
  130  10:58  Medivac  
  130  10:59  Medivac  
  130  11:04  Marine  
  136  11:05  Marine x3  
  136  11:06  Marauder  
  136  11:09  Marauder  
  144  11:14  Liberator x2  
  144  11:16  Marine x4  
  144  11:17  Marauder  
  150  11:18  Widow Mine x2  
  154  11:28  Marauder, Marine  
  154  11:29  Marine x4  
  165  11:40  Missile Turret  
  165  11:41  Missile Turret  
  161  11:47  Marine x3  
  161  11:48  Marauder  
  166  11:57  Marine, Liberator x2  
  166  11:58  Marauder, Marine x5  
  174  12:08  Marine  
  174  12:09  Marauder  
  174  12:10  Marauder, Missile Turret, Marine  
  186  12:18  Widow Mine x2  
  187  12:24  Marine  
  187  12:25  Marauder  
  187  12:26  Marine  
  187  12:27  Marine  
  189  12:34  Planetary Fortress  
  189  12:35  Missile Turret  
  189  12:39  Liberator, Marauder  
  189  12:40  Liberator  
  192  13:08  Marine  
  192  13:09  Marauder  
  192  13:12  Marine  
  196  13:14  Supply Depot  
  196  13:17  Marauder  
  198  13:21  Marauder  
Show
View Real Time Build Order
Export as new Build Order

Shura Zerg - Winner!

Build Orders: Hatch First, Muta Ling Bane 

Get SALT Encoding   

  12  0:01  Drone  
  13  0:12  Overlord  
  13  0:17  Drone  
  14  0:31  Drone x2  
  14  0:34  Drone  
  17  0:45  Drone  
  18  0:54  Hatchery  
  17  1:00  Drone  
  18  1:10  Spawning Pool  
  17  1:13  Drone  
  18  1:18  Extractor  
  18  1:19  Drone  
  18  1:28  Drone  
  19  1:40  Overlord  
  19  1:57  Zergling x2, Queen  
  23  2:01  Drone  
  23  2:06  Drone, Queen  
  26  2:11  Drone  
  27  2:17  Drone  
  27  2:20  Metabolic Boost  
  28  2:23  Drone  
  28  2:32  Queen  
  28  2:35  Spore Crawler  
  30  2:37  Overlord, Drone  
  30  2:39  Drone  
  32  2:44  Drone  
  32  2:51  Drone  
  34  2:54  Zergling x2  
  35  3:09  Zergling x2  
  35  3:10  Zergling x6  
  35  3:11  Drone x2  
  41  3:15  Overlord  
  41  3:16  Drone x2  
  41  3:18  Drone  
  44  3:30  Overlord  
  44  3:37  Hatchery  
  44  3:38  Drone x2  
  44  3:39  Drone  
  46  3:41  Queen  
  46  3:42  Drone  
  46  3:43  Drone x2  
  51  3:56  Drone x4  
  51  3:59  Extractor, Queen  
  56  4:07  Drone x3  
  56  4:08  Roach Warren  
  58  4:13  Overlord  
  58  4:14  Overlord, Drone  
  59  4:24  Queen, Extractor  
  57  4:25  Overlord  
  59  4:41  Zergling x4  
  59  4:42  Drone  
  59  4:43  Drone x3  
  65  4:48  Lair  
  69  4:52  Roach  
  69  4:53  Roach x2  
  69  4:58  Drone x4  
  75  5:01  Evolution Chamber  
  75  5:02  Evolution Chamber  
  75  5:04  Drone  
  75  5:05  Drone  
  75  5:06  Overlord  
  75  5:16  Overlord  
  75  5:21  Extractor  
  74  5:24  Baneling Nest, Drone  
  74  5:25  Drone x6  
  80  5:32  Overlord  
  80  5:37  Drone x4  
  80  5:38  Zerg Ground Armor Level 1, Zerg Melee Weapons Level 1  
  80  5:41  Overlord  
  84  5:48  Spire  
  84  5:49  Overlord x2  
  83  5:53  Roach  
  83  5:55  Ravager x3  
  88  6:03  Drone x8  
  96  6:13  Overlord x2  
  96  6:18  Extractor  
  96  6:20  Drone x4, Extractor  
  96  6:21  Drone x2, Overlord x2  
  96  6:24  Drone x2  
  102  6:32  Centrifical Hooks  
  102  6:43  Zergling x2  
  102  6:44  Zergling x10  
  102  6:45  Hatchery  
  107  6:50  Zergling x2  
  107  6:51  Zergling x12  
  114  7:02  Mutalisk x4  
  114  7:08  Mutalisk x4  
  125  7:20  Mutalisk  
  126  7:23  Drone x6  
  126  7:28  Mutalisk  
  126  7:29  Hatchery  
  135  7:33  Extractor  
  135  7:34  Mutalisk  
  134  7:37  Overseer, Extractor  
  134  7:41  Pneumatized Carapace  
  134  7:42  Zergling x2  
  134  7:43  Zergling x12  
  138  7:46  Baneling  
  138  7:47  Baneling x5  
  138  7:54  Mutalisk  
  138  7:56  Zergling x10  
  141  8:15  Mutalisk  
  141  8:16  Overlord x3  
  141  8:17  Overlord x2  
  141  8:19  Zerg Melee Weapons Level 2  
  143  8:27  Zerg Ground Armor Level 2  
  143  8:32  Drone  
  143  8:33  Drone x2  
  146  8:37  Zerg Flyer Weapons Level 1  
  146  8:42  Zergling x18  
  146  8:44  Infestation Pit  
  146  8:48  Baneling x9  
  154  8:52  Zergling x16  
  162  9:09  Mutalisk x5  
  162  9:10  Overlord  
  162  9:11  Overlord  
  170  9:19  Zergling x16  
  170  9:20  Zergling x4  
  180  9:25  Hive  
  180  9:27  Zergling x6  
  183  9:36  Zergling x20  
  183  9:37  Zergling x4  
  192  9:40  Mutalisk  
  192  9:43  Baneling x8  
  192  9:44  Baneling x13  
  194  9:52  Zergling x12  
  200  9:57  Hatchery  
  167  10:07  Mutalisk x5  
  167  10:12  Zergling x4  
  167  10:13  Zergling x18  
  144  10:23  Overlord x2  
  144  10:27  Zergling x10  
  149  10:29  Overseer x2  
  149  10:36  Mutalisk x5  
  149  10:38  Zergling x2  
  149  10:39  Zergling x2  
  159  10:50  Queen  
  161  11:00  Zerg Ground Armor Level 3, Zerg Melee Weapons Level 3  
  162  11:04  Zergling x24  
  162  11:05  Zergling x2  
  174  11:11  Adrenal Glands  
  174  11:22  Zerg Flyer Armor Level 1  
  174  11:33  Drone  
  174  11:34  Drone x2  
  174  11:35  Ultralisk Cavern  
  174  11:37  Zergling x36  
  174  11:38  Extractor  
  192  11:43  Extractor  
  179  12:09  Drone  
  179  12:10  Drone x2  
  179  12:15  Pathogen Glands  
  180  12:18  Drone x3  
  183  12:31  Chitinous Plating  
  183  12:33  Ultralisk x2  
  195  12:38  Hatchery  
  195  12:39  Ultralisk  
  195  12:40  Baneling  
  195  12:41  Baneling x31  
  195  12:42  Baneling x5  
  195  12:43  Overseer  
  200  12:45  Overseer  
  196  13:25  Spire  
  195  13:33  Zergling x10  
  200  13:35  Baneling x2  
  200  13:36  Baneling x12  
  166  14:00  Extractor  
  166  14:03  Extractor  
Tags
 
Add a new tag
Caveats
  • Supply blocks, unpowered buildings, or Contaminate may cause inaccurate times.
  • Supply counts are checked every 10 seconds.